 Dungeon Crawl Stone Soup version 0.28-a0-464-g0687ed57fd (webtiles) character file.

Game seed: 238671408156070341

14 Burgietje the Skirmisher (level 2, -2/18 HPs)
             Began as a Gargoyle Fighter on Sept 14, 2021.
             Was a Follower of Hepliaklqana.
             Slain by an adder (4 damage)
             ... on level 2 of the Dungeon.
             The game lasted 00:00:46 (239 turns).

Burgietje the Skirmisher (Gargoyle Fighter)          Turns: 239, Time: 00:00:47

Health: -2/18      AC:  9    Str: 19    XL:     2   Next: 45%
Magic:  2/2        EV:  9    Int:  8    God:    Hepliaklqana [*.....]
Gold:   27         SH:  4    Dex:  9    Spells: 1/1 levels left

rFire   . . .      SeeInvis .   a - +0 flail
rCold   . . .      Faith    .   c - +0 buckler
rNeg    + . .      Spirit   .   b - +0 scale mail
rPois   ∞          Reflect  .   (no helmet)
rElec   +          Harm     .   (no cloak)
rCorr   .          Rampage  .   (no gloves)
Will    .....                   (no boots)
Stlth   ..........              (no amulet)
HPRegen 0.06/turn               (no ring)
MPRegen 0.08/turn               (no ring)

@: no status effects
A: reduced essence, sickness immunity, AC +2, negative energy resistance 1,
electricity resistance, torment resistance 1, petrification resistance
a: Renounce Religion, Recall Ancestor, Ancestor Identity


You were on level 2 of the Dungeon.
You worshipped Hepliaklqana.
Hepliaklqana was aware of your devotion.
You visited 1 branch of the dungeon, and saw 2 of its levels.

You collected 27 gold pieces.

Inventory:

Hand Weapons
 a - a +0 flail (weapon)
Armour
 b - a +0 scale mail (worn)
 c - a +0 buckler (worn)
Scrolls
 e - 2 scrolls of noise {unknown}
 f - a scroll of fear {unknown}
Potions
 d - a potion of might


   Skills:
 + Level 3.7 Fighting
 + Level 2.5 Maces & Flails
 - Level 3.2 Armour
 - Level 3.2 Shields


You had one spell level left.
You didn't know any spells.
Your spell library contained the following spells:

 Spells                   Type           Power      Damage    Failure   Level
 Magic Dart               Conj           0%         1d3       80%         1
 Call Imp                 Summ           0%         N/A       91%         2
 Mephitic Cloud           Conj/Pois/Air  0%         N/A       99%         3


Dungeon Overview and Level Annotations

Branches:
Dungeon (1/15)

Altars:
Hepliaklqana

Shops:
D:2 !


Innate Abilities, Weirdness & Mutations

Your life essence is reduced to manifest your ancestor. (-10% HP)
You are immune to sickness and miasma.
Your stone body is resilient. (AC +2)
You are immune to poison.
You resist negative energy. (rN+)
You are resistant to electric shocks. (rElec)
You are resistant to unholy torment.
You are immune to petrification.


Message History

You miss the adder. You block the adder's attack.
Edmée hits the hobgoblin.
The hobgoblin closely misses Edmée.
You block the adder's attack.
Edmée hits the hobgoblin.
The hobgoblin dies!
Found 16 gold pieces.
The adder bites you. The adder bites you but does no damage.
Edmée completely misses the adder.
A ball python comes into view.
The ball python hisses angrily.
Found 8 gold pieces.
The adder bites you but does no damage. The ball python misses you.
The ball python closely misses you. The adder bites you but does no damage.
Edmée hits the ball python.
The ball python dies!
The adder bites you but does no damage. The adder barely misses you.
The adder bites you but does no damage.
Edmée hits the adder.
An adder comes into view.
The adder hisses angrily.
The adder closely misses you. The adder completely misses you.
Found a stone staircase leading down.
The adder barely misses you. The adder bites you but does no damage.
The adder closely misses you. You block the adder's attack.
The adder bites you but does no damage.
Edmée closely misses the adder.
The adder bites you.
Edmée hits the adder.
The adder bites you.
* * * LOW HITPOINT WARNING * * *
The adder bites you.
* * * LOW HITPOINT WARNING * * *
The adder barely misses you. The adder bites you but does no damage.
The adder barely misses you. The adder bites you.
* * * LOW HITPOINT WARNING * * *
You block the adder's attack. The adder barely misses you.
The adder closely misses you. The adder bites you.
You die...

.#...............#...#...#
.#########...†...# .
#.......# ....# #>.....
####......## #...####.....#
...........# #............#
.........#.###............#
.........#...#...........#.
.........#...............#.
.........#@$.............#.
.........#SSR..............
...##....+.................
...##..[.#...#####.........
.......<...............$...
........!..................
...........................
..........................#
..........................#


You could see the friendly Edmée the ancestor and 2 adders.

Vanquished Creatures
  A bat (D:1)
  An endoplasm (D:1)
  3 hobgoblins
  2 kobolds (D:2)
  A ball python (D:2)
  2 goblins
10 creatures vanquished.

Vanquished Creatures (collateral kills)
  A hobgoblin (D:2)
  A ball python (D:2)
  A rat (D:2)
3 creatures vanquished.

Grand Total: 13 creatures vanquished

Notes
Turn   | Place    | Note
-------+----------+-------------------------------------------
     0 | D:1      | Burgietje the Gargoyle Fighter began the quest for the Orb.
     0 | D:1      | Reached XP level 1. HP: 14/14 MP: 1/1
   102 | D:1      | You fall into a shaft and drop 1 floor!
   111 | D:2      | Found Hoqegu's Distillery.
   116 | D:2      | Found a faded altar of an unknown god.
   119 | D:2      | Reached XP level 2. HP: 18/19 MP: 2/2
   144 | D:2      | Became a worshipper of Hepliaklqana the Forgotten
   144 | D:2      | Reached * piety under Hepliaklqana
   239 | D:2      | Slain by an adder

Illustrated notes

Levels and vault maps discovered:
D:1:      kennysheep_arrival_forest, layout_basic
D:2:      kennysheep_the_goblin_king, layout_basic, serial_shops, shop,
          ebering_ecumenical_altar_rust, basic_altar

Action                   || total
-------------------------++-------
Melee: Flail             ||    38
Armor: Scale mail        ||    35
Dodge: Dodged            ||    27
Block: Buckler           ||    11

Table legend: (Time is in decaauts)
 A = Elapsed time spent in this place.
 B = Non-inter-level travel time spent in this place.
 C = Inter-level travel time spent in this place.
 D = Time resting spent in this place.
 E = Time spent auto-exploring this place.
 F = Levels seen in this place.
 G = Mean time per level.
                   A        B        C        D        E       F      G
               +--------+--------+--------+--------+--------+-----+--------+
         Total |    249 |    249 |      0 |      0 |     92 |   2 |  124.5 |
       Dungeon |    249 |    249 |      0 |      0 |     92 |   2 |  124.5 |
               +--------+--------+--------+--------+--------+-----+--------+

Top non-repeatable levels by time:
     D:2: 143 daAuts
     D:1: 106 daAuts
